 Dungeon Crawl Stone Soup version 0.20.1-1-g8b1a95d (webtiles) character file.

91 KleinerIrrer the Shield-Bearer (level 4, 44/44 HPs)
             Began as a Troll Fighter on July 5, 2017.
             Quit the game on level 2 of the Dungeon.
             The game lasted 00:02:13 (1338 turns).

KleinerIrrer the Shield-Bearer (Troll Fighter)      Turns: 1338, Time: 00:02:15

Health: 44/44      AC:  5    Str: 25    XL:     4   Next: 34%
Magic:  3/3        EV:  8    Int:  4    God:
Gold:   92         SH:  9    Dex:  9    Spells: 3/3 levels left

rFire    . . .     SeeInvis .   g - -3 hunting sling (curse)
rCold    . . .     Gourm    +   b - +0 shield
rNeg     . . .     Faith    .   a - +0 robe
rPois    .         Spirit   .   (helmet restricted)
rElec    .         Reflect  .   (no cloak)
rCorr    .         Harm     .   (gloves unavailable)
MR       .....     Rnd*Tele +   (boots unavailable)
Stlth    +.........             (no amulet)
Regen    0.6/turn               i - ring of teleportation (curse)
MPRegen  0.1/turn               (no ring)

@: very slightly contaminated
A: unfitting armour, claws 3, fast metabolism 3, gourmand, regeneration 1,
shaggy fur 1, tough skin 2
a: no special abilities


You were on level 2 of the Dungeon.
You were full.

You visited 1 branch of the dungeon, and saw 2 of its levels.

You collected 92 gold pieces.

Inventory:

Hand Weapons
 g - a cursed -3 hunting sling (weapon)
 k - a cursed -2 dagger
Armour
 a - a +0 robe (worn)
 b - a +0 shield (worn)
Jewellery
 i - a cursed ring of teleportation (left claw)
Potions
 c - a potion of might
 f - a potion of flight {unknown}
Comestibles
 d - 3 bread rations


   Skills:
 + Level 2.8 Fighting
 + Level 2.9 Dodging
 + Level 3.1 Shields
 + Level 3.0 Unarmed Combat


You had 3 spell levels left.
You didn't know any spells.

Dungeon Overview and Level Annotations

Branches:
Dungeon (2/15)

Altars:


Innate Abilities, Weirdness & Mutations

You are too large for most types of armour.
You have claws for hands.
Your metabolism is lightning-fast.
You like to eat raw meat.
Your natural rate of healing is unusually fast.
You are covered in fur. (AC +1)
You have very tough skin. (AC +2)


Message History

Things that are here:
an enchanted dagger; a kobold corpse
k - an enchanted dagger You feel slightly jumpy.
Oops, that ring feels deathly cold.
i - a cursed ring of teleportation (left claw)
Okay, then.
It sticks to your claw!
g - a cursed -3 hunting sling (weapon)
As you read the scroll labeled EZYNAI MON QING, it crumbles to dust.
You feel strangely unstable.
It was a scroll of teleportation.
As you read the scroll labeled GESUHESHA, it crumbles to dust.
It is a scroll of enchant weapon.
Your enchanted dagger glows red for a moment.
Blink to where?
Press: ? - help, Dir - move target cursor You are very lightly contaminated with residual magic.
As you read the scroll labeled PAC NIJEENISM, it crumbles to dust.
It was a scroll of blinking.
Your surroundings suddenly seem different.
Are you sure you want to abandon this character and quit the game? (Confirm with "yes".)

#.......# [.......#
#........ ##.>.....#
#.#####..#.. #######..#
##.### #
#..........####.###
#.#.............#....
#.#.@........ #.###..
#..##..###..# #.....#
##....## #.# ##.....
###...).#####.####....#
#.....ยง..(............#
#.###.....(.......###.#
#...###...###......
#...### #...# ##....#
...## #...# #.....


There were no monsters in sight!

Vanquished Creatures
  A gnoll (D:1)
  5 adders (D:2)
  A worm (D:2)
  A leopard gecko (D:1)
  2 ball pythons (D:2)
  2 goblins (D:1)
  5 hobgoblins (D:1)
  2 jackals (D:1)
  3 bats (D:1)
  4 frilled lizards (D:1)
  5 kobolds
  7 rats
38 creatures vanquished.

Notes
Turn   | Place    | Note
-------+----------+-------------------------------------------
     0 | D:1      | KleinerIrrer the Troll Fighter began the quest for the Orb.
     0 | D:1      | Reached XP level 1. HP: 22/22 MP: 0/0
    49 | D:1      | Reached XP level 2. HP: 17/29 MP: 1/1
   612 | D:1      | Reached XP level 3. HP: 36/36 MP: 2/2
  1263 | D:2      | Reached XP level 4. HP: 44/44 MP: 3/3
  1338 | D:2      | Quit the game

Skill      XL: |  1  2  3  4 |
---------------+-------------+-----
Shields        | 3 |  3.1
Unarmed Combat | 3 |  3.0
Fighting       | |  2.8
Dodging        | |  2.9

Action                   |  1- 3 |  4- 6 || total
-------------------------+-------+-------++-------
Melee: Unarmed           |   112 |     8 ||   120
  Use: Scroll            |       |     3 ||     3
 Stab: Sleeping          |     1 |       ||     1
  Eat: Chunk             |    15 |       ||    15
Armor: Robe              |    42 |     1 ||    43
Dodge: Dodged            |    35 |     3 ||    38
Block: Shield            |    49 |     3 ||    52
